 Dungeon Crawl Stone Soup version 0.14-a0-1378-gf8e6a88 (webtiles) character file.

156 PolkaDot the Ruinous (level 4, -11/30 HPs)
             Began as a Vampire Conjurer on Dec 8, 2013.
             Mangled by Crazy Yiuf
             ... wielding a +4,+2 quarterstaff of chaos
              (15 damage)
             ... on Level 2 of the Dungeon.
             The game lasted 00:08:40 (2168 turns).

PolkaDot the Ruinous (Vampire Conjurer)             Turns: 2168, Time: 00:08:41

HP -11/30        AC  2     Str  7      XL: 4   Next: 62%
MP   0/9         EV 12     Int 18      God:
Gold 45          SH  0     Dex 14      Spells:  3 memorised,  2 levels left

rFire  . . .     SeeInvis +     j - +2,+3 orc trident (slay drac)
rCold  . . .     Clarity  .     a - +0 robe
rNeg   . . .     Conserve .     (no shield)
rPois  .         rCorr    .     (no helmet)
rElec  .         rRot     .     (no cloak)
SustAb . .       Spirit   .     (no gloves)
rMut   .         Warding  .     (no boots)
Saprov . . .     Stasis   .     (no amulet)
                                (no ring)
                                (no ring)

@: regenerating quickly, very slightly contaminated, slightly resistant to
hostile enchantments, stealthy
A: fangs 3, see invisible, unbreathing
a: no special abilities


You were on level 2 of the Dungeon.
You were very full.

You visited 1 branch of the dungeon, and saw 2 of its levels.

You collected 45 gold pieces.

Inventory:

Hand weapons
 j - a +2,+3 orcish trident of dragon slaying (weapon)
Armour
 a - a +0 robe (worn)
 f - a cursed +0 leather armour
Magical devices
 l - a wand of frost (14) {unknown}
Scrolls
 b - a scroll of amnesia {unknown}
 e - 3 scrolls of identify {unknown}
 h - a scroll of teleportation {unknown}
 k - a scroll of recharging {unknown}
Potions
 d - 5 potions of heal wounds
 g - a potion of speed {unknown}
 i - a potion of confusion {unknown}
Books
 c - a book of Conjurations

   Spells                             Type                      Level
   *Magic Dart                        Conjuration                  1
   *Searing Ray                       Conjuration                  2
   Dazzling Spray                     Conjuration/Hexes            3
   *Iskenderun's Mystic Blast         Conjuration                  4
   Iskenderun's Battlesphere          Conjuration/Charms           4
   Fulminant Prism                    Conjuration/Hexes            5


   Skills:
 - Level 2.1 Dodging
 - Level 3.0 Stealth
 - Level 3.0 Spellcasting
 * Level 4.1 Conjurations


You had 2 spell levels left.
You knew the following spells:

 Your Spells              Type           Power        Failure   Level  Hunger
a - Magic Dart            Conj           ###.         3%          1    None
d - Iskenderun's Mystic   Conj           ###.....     34%         4    ####...
s - Searing Ray           Conj           ###...       6%          2    ##.....


Dungeon Overview and Level Annotations

Branches:
Dungeon (2/16)

Altars:
Xom

Annotations:
D:2 Crazy Yiuf


Innate Abilities, Weirdness & Mutations

Your natural rate of healing is unusually fast.
You have razor-sharp teeth.*
You have supernaturally acute eyesight.
You can survive without breathing.*


Message History

The searing ray hits Crazy Yiuf.
Crazy Yiuf is almost dead.
Crazy Yiuf barely misses you.
The searing ray hits Crazy Yiuf.
Crazy Yiuf is almost dead.
* * * LOW MAGIC WARNING * * *
Crazy Yiuf hits you with a quarterstaff of chaos.
Space bends around you.
The searing ray misses Crazy Yiuf.
* * * LOW MAGIC WARNING * * *
You barely miss Crazy Yiuf.
Crazy Yiuf is almost dead.
Crazy Yiuf hits you with a quarterstaff of chaos!
* * * LOW HITPOINT WARNING * * *
Crazy Yiuf burns you.
* * * LOW HITPOINT WARNING * * *
Crazy Yiuf screams, "Dawk!
Blight arm Xom."
Crazy Yiuf hits you with a quarterstaff of chaos!
Ouch! That really hurt!
You die...

#....## # #.........#
#.....##. #.........#
#.....#.. ######'####
###%.##.##### #..# +##
##.##.....(# ##'#####
..####%.##......# #......#
..'.##.###......# #......#
..#)...%.#......######......#
..######..%.....@g..##......#
..# ###......###..#......#
..# #......# ##.#......# ..#
#......# #.'......# '##
#......# ###......# .#
####.### ####+### ## #.# #
#.# # ######+#


You could see Crazy Yiuf.

Vanquished Creatures
  4 adders (D:2)
  2 giant mites
  2 grey rats (D:2)
  A giant gecko (D:2)
  3 oozes
  An orc (D:1)
  5 bats
  3 goblins (D:1)
  A hobgoblin (D:1)
  5 kobolds
  A quokka (D:2)
  A giant cockroach (D:1)
  7 giant newts
  23 rats
59 creatures vanquished.

Notes
Turn   | Place    | Note
--------------------------------------------------------------
     0 | D:1      | PolkaDot, the Vampire Conjurer, began the quest for the Orb.
     0 | D:1      | Reached XP level 1. HP: 13/13 MP: 3/3
   516 | D:1      | Reached XP level 2. HP: 19/19 MP: 1/4
   762 | D:1      | Learned a level 2 spell: Searing Ray
  1190 | D:1      | Reached XP level 3. HP: 24/24 MP: 1/6
  1519 | D:2      | Found a shimmering altar of Xom.
  1519 | D:2      | Found a shimmering altar of Xom.
  1519 | D:2      | Found a shimmering altar of Xom.
  1520 | D:2      | Found a shimmering altar of Xom.
  1521 | D:2      | Found a shimmering altar of Xom.
  1521 | D:2      | Found a shimmering altar of Xom.
  1757 | D:2      | Reached XP level 4. HP: 12/30 MP: 5/8
  1971 | D:2      | Reached skill level 4 in Conjurations
  2115 | D:2      | Learned a level 4 spell: Iskenderun's Mystic Blast
  2115 | D:2      | Noticed Crazy Yiuf
  2168 | D:2      | Mangled by Crazy Yiuf

Action                   |  1- 3 |  4- 6 || total
-------------------------+-------+-------++-------
Melee: Unarmed           |    21 |       ||    21
       Trident           |    51 |    36 ||    87
 Cast: Magic Dart        |    41 |       ||    41
       Searing Ray       |     6 |     5 ||    11
  Use: Potion            |     1 |     1 ||     2
 Stab: Sleeping          |       |     2 ||     2
